 Dungeon Crawl Stone Soup version 0.29.1-2-gbd0b4ee654 (console) character file.

Game seed: 13698559722921921057

46 Goreval the Conjurer (level 3, 26/26 HPs)
             Began as a Draconian Conjurer on Nov 28, 2022.
             Was a Follower of the Shining One.
             Got out of the dungeon alive.
             The game lasted 00:04:02 (2242 turns).

Goreval the Conjurer (Draconian Conjurer)           Turns: 2242, Time: 00:04:03

Health: 26/26      AC:  5    Str:  9    XL:     3   Next: 44%
Magic:  6/6        EV: 12    Int: 20    God:    the Shining One [*.....]
Gold:   104        SH:  0    Dex:  9    Spells: 5/6 levels left

rFire   . . .      SeeInvis .   (no weapon)
rCold   . . .      Faith    .   (no shield)
rNeg    . . .      Spirit   .   (body armour unavailable)
rPois   .          Reflect  .   (helmet restricted)
rElec   .          Harm     .   (no cloak)
rCorr   .          Rampage  .   (no gloves)
Will    .....                   (no boots)
Stlth   +.........              (no amulet)
HPRegen 0.08/turn               (no ring)
MPRegen 0.10/turn               (no ring)

@: glowing
A: AC +5, unfitting armour, cold-blooded
a: Renounce Religion, Divine Shield


You escaped.
You worshipped the Shining One.
The Shining One was aware of your devotion.
You visited 1 branch of the dungeon, and saw 2 of its levels.

You collected 104 gold pieces.

Inventory:

Armour
 j - a +0 tower shield
Scrolls
 b - 2 scrolls of torment {unknown}
 c - a scroll of immolation {unknown}
 i - a scroll of identify {unknown}
Potions
 a - a potion of magic
 d - 2 potions of curing {unknown}
 e - a potion of heal wounds {unknown}
 f - a potion of lignification {unknown}
 g - a potion of haste {unknown}
 h - a potion of flight {unknown}


   Skills:
 + Level 2.3 Dodging
 - Level 2.0 Stealth
 + Level 2.4 Spellcasting
 * Level 4.6 Conjurations


You had 5 spell levels left.
You knew the following spells:

 Your Spells              Type           Power      Damage    Failure   Level
a - Magic Dart            Conj           80%        1d7       2%          1

Your spell library contained the following spells:

 Spells                   Type           Power      Damage    Failure   Level
 Searing Ray              Conj           40%        2d5       3%          2
 Dazzling Flash           Conj/Hex       22%        N/A       17%         3
 Fulminant Prism          Conj/Hex       5%         3d7       50%         4
 Iskenderun's Mystic Bla  Conj/Tloc      11%        2d4       50%         4


Dungeon Overview and Level Annotations

Branches:
Dungeon (2/15) Zot: 9736

Altars:
The Shining One


Innate Abilities, Weirdness & Mutations

Your plain brown scales are hard. (AC +5)
You cannot fit into any form of body armour.
You are cold-blooded and may be slowed by cold attacks.


Message History

You see here a +0 dagger.
You see here a bat corpse.
You see here a bat corpse.
You see here a ball python corpse.
You open the door.
There is an open door here.
Found a faded altar of an unknown god.
There is a faded altar of an unknown god here.
You cannot tell which god this altar belongs to.
Convert to them anyway?
The Shining One accepts your prayer! The Shining One welcomes you!
You and your allies can now gain power from killing the unholy and evil.
You can now call upon the Shining One for a divine shield.
(D) Dungeon
Where to? (? - help)
You open the door.
There is an open door here.
There is a stone staircase leading up here.
You climb upwards.
There is a stone staircase leading down here.
(D) Dungeon
Where to? (Enter - D:1, ? - help)
Okay, then.
There is an open door here.
There is a staircase leading out of the dungeon here.
Are you sure you want to leave the Dungeon?
This will make you lose the game!
Alright, then stay!
You can't go down here!
Are you sure you want to leave the Dungeon?
This will make you lose the game!
Alright, then stay!
Are you sure you want to leave the Dungeon?
This will make you lose the game!
Uppercase [Y]es or [N]o only, please.
Are you sure you want to leave the Dungeon?
This will make you lose the game! [Y]es or [N]o only, please.
Are you sure you want to leave the Dungeon?
This will make you lose the game! [Y]es or [N]o only, please.
Are you sure you want to leave the Dungeon?
This will make you lose the game!
Alright, then stay!
Are you sure you want to leave the Dungeon?
This will make you lose the game!
You have escaped!

#.........#####.##.##.#.#
#...##.#.........#.##.#.#
#...##.#.#.......#......#
#......#.#(......####.### #..#...#.#.......# #.#
#..#.#.#.#.......# #.# #........#.......# ##.##
####.##..........###...## #.#.###......###.#.#.#
#.#.#........# ##...## ######### #.#.#.#......##
##.## #.......# #.##..........####.# #.#####.#
#.##...............#
#.......###........#....########### #########
#.##.....#####.##.)....## #......#######.......#
############.##.##..# #.#####.###
#.#............#####.# #...................#
#........# #.#.##.######### #.#
#.##########.#####..# #....^...# #.#..#.# #.#
#.# #.#####..##########...# #.##.#.# #.# ###.###
#........##.## #...# #.##.#.# #.# #.....#
#####...##...## #...# #†.....# ######### #.####
#.#.#.# ########..##..8..## #...# ####.###
#.......# #....# #.#.#.###
#.........#.......######.#########.# #.......#
####.# #.#.....#
#.....................@#........##.# ##.......#
#.# #.###.#.#
#.........#####'########........##.####........#
#.# #.###.#.#
#.......#....#..................##....#........#
#.# #.......#
#............#.#.#####..[#####.######.#........#
#.# ####.#### #######.#.#......# #...# #.#
#.#........# ####.# #.# #.#.#..#.### #...# #.#
#.#.###.#### #....# #.# #........# #...# #.#
#........# #.#### #.# ###### #####.####
####...## #.# ###.###.#### #.# #.####....#
#.#######.......# #.########........# #.#
#......##.########.......#.##....#
#...........##.##.# #.#
#########...........####.#.#.....#
###########.##.##.###.#
###########.##.........#.# #.##.>...>..#
#.##.#.......#.####### #.#####.#####
#.#..#...............# ##.#####.#
#......###...#..####.#### #........# ###.####
#.........#.##.####.#####.## #......#
###.##.##.#.#.#.#♣~.P♣ #.# #.#.##.#
#.##.##.#..###♣♣~.♣♣ #.## #.#.##.#
###.##...#..## ♣♣~♣ #..# #.#..#.# #.....###.##.#
♣♣~♣ ##.# #.##.#.# #.....# #####♣♣♣♣♣P~♣♣ ♣♣♣.#
#.##.#.# #.....# ##P♣P~P.~~♣♣♣.P.# #......#
#.....# ##..~~.~~~.~~~...# ####.### #.....#
#..♣P♣♣P~~~~~♣♣P##


There were no monsters in sight!

Vanquished Creatures
  2 dart slugs (D:2)
  3 ball pythons
  3 bats
  7 endoplasms
  3 giant cockroaches (D:1)
  3 hobgoblins
  4 quokkas
  A frilled lizard (D:1)
  5 kobolds
  6 rats
37 creatures vanquished.

Notes
Turn   | Place    | Note
-------+----------+-------------------------------------------
     0 | D:1      | Goreval the Draconian Conjurer began the quest for the Orb.
     0 | D:1      | Reached XP level 1. HP: 14/14 MP: 3/3
   377 | D:1      | Reached XP level 2. HP: 10/20 MP: 1/5
  1450 | D:2      | Reached XP level 3. HP: 26/26 MP: 4/6
  2161 | D:2      | Found a faded altar of an unknown god.
  2166 | D:2      | Prayed at the altar of an unknown god.
  2166 | D:2      | Became a worshipper of the Shining One
  2166 | D:2      | Reached * piety under the Shining One
  2242 | D:$      | Got out of the dungeon alive.

Illustrated notes

Levels and vault maps discovered:
D:1:      amcnicky_arrival_feature_with_door, layout_loops_cross,
          serial_bayou_crossing
D:2:      minmay_chambers_of_ones, layout_loops_corners,
          shapermc_ecumenical_altar_petra

Skill      XL: |  1  2 |
---------------+-------+-----
Stealth        | 2 |  2.0
Dodging        | 2 |  2.3
Spellcasting   | |  2.4
Conjurations   | |  4.6

Action                   || total
-------------------------++-------
Melee: Unarmed           ||    80
       Tailslap          ||    10
       Punch             ||     1
 Cast: Magic Dart        ||    58
Armor: Skin              ||    24
Dodge: Dodged            ||    51
